 Dungeon Crawl Stone Soup version 0.24.0-10-g970556be89 (webtiles) character file.

Game seed: 15909355471664128290, levelgen mode: deterministic

44 Inarius the Grave Robber (level 3, -11/24 HPs)
             Began as a Mummy Necromancer on Nov 4, 2019.
             Killed from afar by Terence (15 damage)
             ... with a puff of flame
             ... on level 2 of the Dungeon.
             The game lasted 00:02:24 (1309 turns).

Inarius the Grave Robber (Mummy Necromancer)        Turns: 1309, Time: 00:02:25

Health: -11/24     AC:  3    Str: 11    XL:     3   Next: 41%
Magic:  1/7        EV: 12    Int: 15    God:
Gold:   11         SH:  0    Dex: 12    Spells: 4/8 levels left

rFire    x . .     SeeInvis .   d - +0 whip
rCold    + + .     Gourm    .   (no shield)
rNeg     + + +     Faith    .   a - +0 robe
rPois    ∞         Spirit   .   (no helmet)
rElec    .         Reflect  .   c - +0 cloak
rCorr    .         Harm     .   (no gloves)
MR       .....                  (no boots)
Stlth    ++........             (no amulet)
HPRegen  0.08/turn              b - ring of protection from cold
MPRegen  0.10/turn              (no ring)

@: no status effects
A: no food or potions, fire vulnerability, cold resistance 1, negative energy
resistance 3, torment resistance, unbreathing
a: no special abilities


You were on level 2 of the Dungeon.
You were not hungry.

You visited 1 branch of the dungeon, and saw 2 of its levels.

You collected 11 gold pieces.

Inventory:

Hand Weapons
 d - a +0 whip (weapon)
Armour
 a - a +0 robe (worn)
 c - a +0 cloak (worn)
 g - a +0 leather armour
 h - a +0 ring mail
Jewellery
 b - a ring of protection from cold (left hand)
Scrolls
 e - 2 scrolls of identify {unknown}
 f - 2 scrolls of noise {unknown}


   Skills:
 + Level 0.5 Maces & Flails
 + Level 1.6 Dodging
 - Level 1.5 Stealth
 + Level 3.0 Spellcasting
 * Level 4.9 Necromancy


You had 4 spell levels left.
You knew the following spells:

 Your Spells              Type           Power        Failure   Level  Hunger
a - Pain                  Necr           ###.         2%          1    N/A
b - Vampiric Draining     Necr           ###.......   8%          3    N/A

Your spell library contained the following spells:

 Spells                   Type           Power        Failure   Level  Hunger
 Animate Skeleton         Necr           N/A          2%          1    N/A
 Animate Dead             Necr           N/A          26%         4    N/A
 Regeneration             Chrm/Necr      Unusable     N/A         3    N/A

Dungeon Overview and Level Annotations

Branches:
Dungeon (2/15)

Altars:

Annotations:
D:2 Terence


Innate Abilities, Weirdness & Mutations

You do not eat or drink.
Your flesh is vulnerable to fire.
You are immune to poison.
Your flesh is cold resistant. (rC+)
You are immune to negative energy. (rN+++)
You are immune to unholy pain and torment.
You can survive without breathing.


Message History

Confirm with . or Enter, or press ? or * to list all spells.
Aiming: Vampiric Draining (safe; 8% risk of failure)
Press: ? - help, Shift-Dir - straight line, f/p - Terence
Aim: Terence, wielding a +0 short sword, wearing a +0 chain mail and carrying a wand of flame (10) (moderately wounded) Terence is moderately wounded.
You feel life coursing into your body.
Terence zaps a wand.
The puff of flame hits you! The fire burns you terribly!
Casting: Vampiric Draining (safe; 8% risk of failure)
Confirm with . or Enter, or press ? or * to list all spells.
You don't have enough magic to cast that spell.
Unknown command.
You barely miss Terence.
Terence is moderately wounded.
Terence zaps a wand.
The puff of flame hits you! The fire burns you terribly!
* * * LOW HITPOINT WARNING * * *
Terence says, "Time to say good-bye..."
A rat comes into view.
Terence zaps a wand.
The puff of flame hits you! The fire burns you terribly!
Ouch! That really hurt!
You die...

....#####@# ###...#...## #####
###†#<...#......#..
#####.........#.#.#.#
........#.###.#.#.#.#
#######.#.# #.#.#.####
#######.#.# #.#.#....r
.....##.#> #.#^....######
####.##.#.###...@......... #
#.##.#..####.....##### #
#.##.##.# #.#.#@##### #
#.##.##.# #.#.#.....####..#
####.##.##.####.#.......!††...#
.............†..#...###.####.#
####.##......>......###.####.#
#.#####.).................# #.#
#########.............


You could see Terence and a rat (sleeping).

Vanquished Creatures
  An ooze (D:1)
  2 leopard geckos (D:1)
  A ball python (D:2)
  7 bats
  5 goblins
  5 hobgoblins (D:1)
  7 jackals
  A frilled lizard (D:1)
  2 kobolds (D:1)
  3 rats (D:1)
34 creatures vanquished.

Notes
Turn   | Place    | Note
-------+----------+-------------------------------------------
     0 | D:1      | Inarius the Mummy Necromancer began the quest for the Orb.
     0 | D:1      | Reached XP level 1. HP: 13/13 MP: 4/4
   313 | D:1      | Reached XP level 2. HP: 19/19 MP: 1/5
   845 | D:1      | Reached XP level 3. HP: 24/24 MP: 2/7
   850 | D:1      | Learned a level 3 spell: Vampiric Draining
  1052 | D:2      | Noticed Terence
  1309 | D:2      | Killed from afar by Terence

Levels and vault maps discovered:
D:1:      roderic_dead_forest, layout_rooms, st_stairs_7
D:2:      layout_loops_ring, uniq_terence

Skill      XL: |  1  2  3 |
---------------+----------+-----
Spellcasting   | 3 |  3.0
Maces & Flails | |  0.5
Dodging        | |  1.6
Stealth        | |  1.5
Necromancy     | |  4.9

Action                   || total
-------------------------++-------
Melee: Whip              ||    11
 Cast: Pain              ||    56
       Vampiric Draining ||     2
Armor: Robe              ||     3
Dodge: Dodged            ||    17
